 Dungeon Crawl Stone Soup version 0.30-a0-778-g2ef04afb54 (webtiles) character file.

Game seed: 17150159759167724177

34939 mistaj the Basher (level 13, 0/109 HPs)
             Began as a Demonspawn Fighter on Feb 16, 2023.
             Was the Champion of Okawaru.
             Succumbed to a cane toad's poison
             ... on level 5 of the Lair of Beasts.
             The game lasted 00:36:30 (17593 turns).

mistaj the Basher (Demonspawn Fighter)             Turns: 17593, Time: 00:36:31

Health: 0/109      AC: 21    Str: 21    XL:     13   Next: 44%
Magic:  6/19       EV: 17    Int: 11    God:    Okawaru [******]
Gold:   792        SH: 19    Dex:  7    Spells: 20/20 levels left

rFire   + + .      SeeInvis .    E - +8 flail of Dicayhuh {pain, rC+ Stlth+}
rCold   + + .      Faith    .    D - +1 tower shield {rC+}
rNeg    . . .      Spirit   +    z - +3 ring mail
rPois   .          Reflect  .    k - +2 hat
rElec   .          Harm     +    A - +2 cloak of Reasonable Curiosity {Harm rF++ Will+ Dex-5}
rCorr   .          Rampage  .    a - +2 pair of gloves
Will    +....                    s - +0 pair of boots
Stlth   +                        (no amulet)
HPRegen 0.38/turn                f - +5 ring of evasion
MPRegen 0.32/turn                t - +5 ring of evasion

@: lethally poisoned (0 -> -30)
A: icemail 1, magic shield, magic regeneration, condensation shield, demonic
touch 2
a: Renounce Religion, Heroism, Finesse, Duel


You were on level 5 of the Lair of Beasts.
You worshipped Okawaru.
Okawaru was exalted by your worship.
You visited 2 branches of the dungeon, and saw 15 of its levels.
You visited the Abyss 1 time.
You also visited: Bailey.

You collected 1069 gold pieces.
You spent 277 gold pieces at shops.

Inventory:

Hand Weapons
 e - a +7 battleaxe of draining
 p - the +9 hammer of the Last Emperors {flame, *Slow +Blink rElec rPois}
   (You found it on level 5 of the Dungeon)

   rElec:     It insulates you from electricity.
   rPois:     It protects you from poison.
   +Blink:    It lets you blink.
   *Slow:     It may slow you when you take damage.
 y - a +4 heavy executioner's axe
 E - the +8 flail of Dicayhuh (weapon) {pain, rC+ Stlth+}
   (Okawaru gifted it to you on level 3 of the Lair of Beasts)

   rC:        It protects you from cold.
   Stlth:     It makes you more stealthy.
Missiles
 w - 4 throwing nets (quivered)
Armour
 a - a +2 pair of gloves (worn)
 k - a +2 hat (worn)
 s - a +0 pair of boots (worn)
 z - a +3 ring mail (worn)
 A - the +2 cloak of Reasonable Curiosity (worn) {Harm rF++ Will+ Dex-5}
   (Okawaru gifted it to you on level 9 of the Dungeon)

   Dex:       It affects your dexterity (-5).
   rF:        It greatly protects you from fire.
   Harm:      It increases damage dealt and taken.
   Will:      It increases your willpower.
 C - +0 steam dragon scales
 D - a +1 tower shield of cold resistance (worn)
Jewellery
 f - a +5 ring of evasion (left hand)
 l - a ring of resist corrosion
 m - a ring of fire
 t - a +5 ring of evasion (right hand)
Wands
 n - a wand of flame (38)
 I - a wand of iceblast (5)
Scrolls
 c - a scroll of magic mapping
 j - 5 scrolls of teleportation
 r - a scroll of fog
 x - 3 scrolls of enchant armour
 F - 2 scrolls of silence
 G - 5 scrolls of fear
 J - 2 scrolls of amnesia
 N - a scroll of enchant weapon
Potions
 b - 2 potions of flight
 d - 6 potions of might
 g - 6 potions of curing
 h - a potion of cancellation
 i - 3 potions of berserk rage
 o - 4 potions of mutation
 q - 4 potions of attraction
 v - 3 potions of haste
 H - a potion of brilliance
 K - a potion of ambrosia
 L - a potion of heal wounds
 M - a potion of magic {unknown}


   Skills:
 - Level 12.6 Fighting
 - Level 4.7(10.1) Axes
 + Level 13.6(14.0) Maces & Flails
 - Level 2.6 Armour
 + Level 10.7 Shields
 - Level 4.4 Spellcasting
 + Level 2.1 Necromancy


You had 20 spell levels left.
You didn't know any spells.
Your spell library contained the following spells:

 Spells                   Type           Power      Damage    Failure   Level
 Necrotise                Necr           28%        1d5       65%         1
 Kiss of Death            Conj/Necr      16%        2d6       80%         1
 Apportation              Tloc           4%         N/A       91%         1
 Shock                    Conj/Air       8%         1d3       91%         1
 Sting                    Tmut/Pois      8%         1d3       91%         1
 Cigotuvi's Dreadful Rot  Necr/Pois/Air  8%         N/A       93%         2
 Blink                    Tloc           4%         N/A       97%         2
 Ensorcelled Hibernation  Hex/Ice        4%         N/A       97%         2
 Passwall                 Tmut/Erth      1%         N/A       97%         2
 Poisonous Vapours        Pois/Air       4%         N/A       97%         2
 Confusing Touch          Hex            2%         N/A       99%         3
 Dazzling Flash           Conj/Hex       4%         N/A       99%         3
 Frozen Ramparts          Ice            4%         1d1       99%         3
 Gell's Gravitas          Tloc           2%         N/A       99%         3
 Swiftness                Air            2%         N/A       99%         3
 Teleport Other           Tloc           2%         N/A       99%         3
 Airstrike                Air            1%         2d(1-17)  100%        4
 Anguish                  Hex/Necr       2%         N/A       100%        4
 Dispel Undead            Necr           7%         3d8       100%        4
 Ice Form                 Ice/Tmut       2%         N/A       100%        4
 Iskenderun's Mystic Bla  Conj/Tloc      2%         2d3       100%        4
 Leda's Liquefaction      Hex/Erth       1%         N/A       100%        4
 Manifold Assault         Tloc           2%         N/A       100%        4
 Olgreb's Toxic Radiance  Pois           2%         N/A       100%        4
 Alistair's Intoxication  Tmut/Pois      1%         N/A       100%        5
 Fireball                 Conj/Fire      1%         3d3       100%        5
 Iskenderun's Battlesphe  Conj           2%         2d6       100%        5
 Lee's Rapid Deconstruct  Erth           1%         3d4*      100%        5
 Lightning Bolt           Conj/Air       1%         1d12      100%        5
 Conjure Ball Lightning   Conj/Air       1%         3x3d6     100%        6
 Dispersal                Tloc           1%         N/A       100%        6
 Starburst                Conj/Fire      1%         6d3       100%        6
 Statue Form              Tmut/Erth      1%         N/A       100%        6
 Enfeeble                 Hex            1%         N/A       100%        7
 Orb of Destruction       Conj           1%         9d5       100%        7
 Ozocubu's Refrigeration  Ice            1%         4d7       100%        7
 Storm Form               Tmut/Air       1%         N/A       100%        7
 Ignition                 Fire           1%         3d3       100%        8
 Summon Small Mammal      Summ           Unusable   N/A       N/A         1
 Summon Ice Beast         Ice/Summ       Unusable   N/A       N/A         4
 Summon Lightning Spire   Summ/Air       Unusable   N/A       N/A         4
 Death Channel            Necr           Unusable   N/A       N/A         6

Dungeon Overview and Level Annotations

Branches:
Dungeon (10/15)            Temple (0/1) D:5            Lair (5/5) D:8
  Swamp (0/4) Lair:3        Snake (0/4) Lair:3        Slime (0/5) Lair:4
 Bailey (visited)
    Orc: D:9-12

Altars:
Ashenzari
Fedhas
Kikubaaqudgha
Nemelex Xobeh
Okawaru
Qazlal
Sif Muna
Trog
Uskayaw
Vehumet
Xom

Shops:
D:8 [   D:10 [

Annotations:
D:10 Urug
Lair:3 2 transporters
Lair:5 Nessos


Innate Abilities, Weirdness & Mutations

A meltable icy envelope protects you from harm. (AC +4)
When hurt, damage is shared between your health and your magic reserves.
You regenerate magic rapidly.
A meltable shield of frost defends you. (SH +4)
Your touch may inflict irresistible damage on your foes.


Message History

You feel very sick. You block the black mamba's attack.
You block the komodo dragon's attack.
The black mamba bites you but does no damage.
The cane toad closely misses you.
You thump the komodo dragon!
You kill the komodo dragon!
Okawaru accepts your kill.
You feel very sick. The black mamba misses you. The cane toad stings you!
You are more poisoned.
The cane toad poisons you! The black mamba bites you.
You are more poisoned.
The black mamba poisons you!
Your Necromancy skill increases to level 2!
You feel extremely sick. You block the black mamba's attack.
You thump the black mamba!
The black mamba writhes in agony.
The black mamba is severely wounded.
You feel extremely sick. You block the black mamba's attack.
The cane toad stings you!
You thump the black mamba!
You kill the black mamba!
Okawaru accepts your kill.
You feel extremely sick. You block the cane toad's attack.
The cane toad stings you but does no damage.
Your life force feels restored.
You feel very sick. The cane toad stings you!
* * * LOW HITPOINT WARNING * * *
You are lethally poisoned!
The cane toad poisons you!
You see here a black mamba corpse.
You closely miss the cane toad.
* * * LOW HITPOINT WARNING * * *
You feel extremely sick. The cane toad stings you!
* * * LOW HITPOINT WARNING * * *
You closely miss the cane toad.
You die...

**,,,,,,** *,,,,,** *,,,
*,,..,*,* **....## *,,,
**,...,** *....P## ****
**,...#*######......# *****
*,,...P##..##......#* **,,,,
**,................# **,,,,,
***,................#**,,,,,,
*,,,........F......#**,,,,,,,
*,,,........@.<....#*,,*,,,,,
*,,,.....##.##.....#**,,,****
**,,...***####.....#*,,*,,**,
**,.,,,* #.....#**,,,,,*,
**,,,,,* #.....#**,,,,,*,
**,,,,,** #......#**,,,,*,
*,,,,,,,* #......#**,*,,,,
**,,,,,,* ##......***,*,,,
*,,,,,,* **,,,,,*,,******,


You could see a cane toad.

Vanquished Creatures
  Harold (D:8)
  A ghost crab (Lair:3)
  Erica (D:8)
  A boulder beetle (D:10)
  A catoblepas (Lair:1)
  2 two-headed ogres
  3 death yaks (Lair:3)
  Sonja (D:10)
  The ghost of Pimp the Cleaver, a novice DsFi of Okawaru (D:7)
  A skyshark (Lair:3)
  A spectral hydra (Lair:3)
  A lindwurm (Lair:4)
  2 cyclopes
  An oklob plant (Lair:2)
  10 elephants
  3 black mambas
  3 komodo dragons
  10 cane toads
  Psyche (D:8)
  A polar bear (Lair:3)
  A troll (D:9)
  A hornet (D:6)
  4 blink frogs (Lair:4)
  Prince Ribbit (D:7)
  Sigmund (D:4)
  2 wraiths
  A shadow (D:9)
  4 wyverns
  A basilisk (Lair:2)
  40 yaks
  A steam dragon (D:8)
  2 spectral cane toads (Lair:3)
  2 acid dragons
  9 water moccasins
  Duvessa (D:7)
  18 orc warriors
  A sky beast (D:6)
  3 black bears
  An ice beast (D:6)
  19 centaurs
  4 ogres
  4 phantoms (D:4)
  3 kobold brigands
  A spectral basilisk (Lair:3)
  A necrophage (D:4)
  8 bullfrogs
  3 scorpions
  Blork the orc (D:5)
  A gnoll sergeant (D:10)
  8 wights
  Dowan (D:7)
  4 killer bees (D:9)
  2 howler monkeys
  4 hounds
  2 orc priests (D:5)
  A jelly (D:4)
  Crazy Yiuf (D:5)
  3 iguanas
  Ijyb (D:4)
  10 orc wizards
  A hound zombie (D:3)
  4 hound skeletons (D:3)
  Robin (D:4)
  8 adders
  A gnoll (D:4)
  2 shadow imps
  2 white imps
  2 ufetubi (D:6)
  2 adder skeletons (D:3)
  A worm (D:5)
  4 dart slugs
  57 orcs
  6 bats
  7 endoplasms
  2 giant cockroaches
  16 goblins
  13 hobgoblins
  13 kobolds
  4 quokkas
  12 ball pythons
  A ball python skeleton (D:3)
  A ball python zombie (D:3)
  4 frilled lizards
  A rat (D:2)
387 creatures vanquished.

Vanquished Creatures (others)
  A killer bee (D:10)
  3 orcs
  A hobgoblin (D:4)
  A goblin (D:4)
  4 kobolds
  14 fungi
  23 plants
  A withered plant (D:3)
48 creatures vanquished.

Grand Total: 435 creatures vanquished

Notes
Turn   | Place    | Note
-------+----------+-------------------------------------------
     0 | D:1      | mistaj the Demonspawn Fighter began the quest for the Orb.
     0 | D:1      | Reached XP level 1. HP: 18/18 MP: 1/1
    83 | D:1      | Gained mutation: You regenerate magic rapidly. [demonic
                  | ancestry]
    83 | D:1      | Reached XP level 2. HP: 24/24 MP: 2/2
   522 | D:1      | Gained mutation: A meltable shield of frost defends you.
                  | (SH +4) [demonic ancestry]
   522 | D:1      | Reached XP level 3. HP: 29/29 MP: 3/3
   765 | D:2      | Found a sparkling altar of Nemelex Xobeh.
  1345 | D:3      | Reached XP level 4. HP: 33/35 MP: 4/4
  1611 | D:3      | Gained mutation: Your touch may inflict minor irresistible
                  | damage on your foes. [demonic ancestry]
  1611 | D:3      | Reached XP level 5. HP: 42/42 MP: 5/5
  1965 | D:4      | Noticed Ijyb
  1987 | D:4      | Killed Ijyb
  2084 | D:4      | Noticed a centaur
  2094 | D:4      | Killed a centaur
  2095 | D:4      | Gained mutation: When hurt, damage is shared between your
                  | health and your magic reserves. [demonic ancestry]
  2095 | D:4      | Reached XP level 6. HP: 47/48 MP: 6/6
  2098 | D:4      | Found an ancient bone altar of Kikubaaqudgha.
  2218 | D:4      | Reached skill level 5 in Shields
  2366 | D:4      | Found a shimmering altar of Xom.
  2399 | D:4      | Reached XP level 7. HP: 55/55 MP: 7/7
  2456 | D:4      | Identified the +2 robe of Greater Demons {Dex+6}
  2461 | D:4      | Found a sparkling altar of Nemelex Xobeh.
  2465 | D:4      | Noticed Sigmund
  2493 | D:4      | Killed Sigmund
  2494 | D:4      | Reached skill level 5 in Fighting
  2532 | D:4      | Found a blossoming altar of Fedhas.
  2592 | D:4      | Found an iron altar of Okawaru.
  2630 | D:4      | Became a worshipper of Warmaster Okawaru
  2832 | D:4      | Noticed Robin
  2846 | D:4      | Killed Robin
  3691 | D:5      | Entered Level 5 of the Dungeon
  3704 | D:5      | Noticed Blork the orc
  3709 | D:5      | Killed Blork the orc
  3749 | D:5      | Reached XP level 8. HP: 57/63 MP: 8/8
  3766 | D:5      | Found a staircase to the Ecumenical Temple.
  3983 | D:5      | Found a runed translucent door.
  3984 | D:5      | Noticed Crazy Yiuf
  3994 | D:5      | Killed Crazy Yiuf
  3994 | D:5      | Reached * piety under Okawaru
  4006 | D:5      | Identified the +9 hammer of the Last Emperors {flame, *Slow
                  | +Blink rElec rPois}
  4269 | D:5      | Reached skill level 1 in Maces & Flails
  4533 | D:6      | Reached skill level 2 in Maces & Flails
  4553 | D:6      | Noticed a hornet
  4571 | D:6      | Killed a hornet
  4572 | D:6      | Reached skill level 3 in Maces & Flails
  4892 | D:6      | Reached skill level 4 in Maces & Flails
  4904 | D:6      | Reached ** piety under Okawaru
  4930 | D:6      | Reached XP level 9. HP: 71/71 MP: 9/9
  4989 | D:6      | Reached skill level 1 in Spellcasting
  5033 | D:6      | Reached skill level 5 in Maces & Flails
  5261 | D:6      | Found a shimmering blue altar of Sif Muna.
  5287 | D:6      | Identified the +1 mace "Ofaacif" {vamp, rN+}
  5403 | D:7      | Noticed Duvessa
  5421 | D:7      | Killed Duvessa
  5421 | D:7      | Reached *** piety under Okawaru
  5436 | D:7      | Noticed Dowan
  5450 | D:7      | Killed Dowan
  5451 | D:7      | Reached skill level 6 in Maces & Flails
  5522 | D:7      | Found a flagged portal.
  5545 | D:7      | Noticed Prince Ribbit
  5567 | D:7      | Killed Prince Ribbit
  5596 | Bailey   | Entered a bailey
  6081 | Bailey   | Reached skill level 7 in Maces & Flails
  6121 | Bailey   | Reached XP level 10. HP: 76/80 MP: 13/15
  6152 | Bailey   | Reached **** piety under Okawaru
  7446 | Bailey   | Reached skill level 8 in Maces & Flails
  8288 | D:7      | Noticed a two-headed ogre
  8301 | D:7      | Killed a two-headed ogre
  8302 | D:7      | Reached skill level 9 in Maces & Flails
  8440 | D:7      | Found a runed translucent door.
  8446 | D:7      | Noticed Pimp's ghost (novice DsFi)
  8785 | D:8      | Gained mutation: Your touch may inflict irresistible damage
                  | on your foes. [demonic ancestry]
  8785 | D:8      | Reached XP level 11. HP: 80/89 MP: 15/17
  8834 | D:8      | Reached ***** piety under Okawaru
  8902 | D:8      | Noticed Psyche
  8922 | D:8      | Killed Psyche
  9216 | D:8      | Found Hepsusakh's Antique Armour Shoppe.
  9221 | D:8      | Bought a glowing tower shield for 277 gold pieces
  9287 | D:8      | Found a staircase to the Lair.
  9518 | D:9      | Noticed Erica
  9530 | D:8      | Killed Erica
  9531 | D:8      | Reached skill level 10 in Maces & Flails
  9884 | D:9      | Found a bloodstained altar of Trog.
 10061 | D:9      | Found a radiant altar of Vehumet.
 10518 | D:9      | Identified the +2 cloak of Reasonable Curiosity {Harm rF++
                  | Will+ Dex-5} (Okawaru gifted it to you on level 9 of the
                  | Dungeon)
 10518 | D:9      | Received a gift from Okawaru
 10519 | D:9      | Reached skill level 10 in Fighting
 10688 | D:10     | Entered Level 10 of the Dungeon
 10706 | D:10     | Found a stormy altar of Qazlal.
 10724 | D:10     | Noticed a +0 dagger
 10727 | D:10     | Found a hide-covered altar of Uskayaw.
 10727 | D:10     | Noticed a +0 dagger
 10757 | D:10     | Noticed Sonja
 10878 | Abyss:1  | Found a corrupted altar of Lugonu.
 10878 | Abyss:1  | Cast into level 1 of the Abyss (Sonja)
 10889 | D:10     | Escaped the Abyss
 10911 | D:10     | Killed Sonja
 11132 | D:10     | Found a broken altar of Ashenzari.
 11187 | D:10     | Noticed a two-headed ogre
 11204 | D:10     | Killed a two-headed ogre
 11205 | D:10     | Reached skill level 11 in Maces & Flails
 11391 | D:10     | Noticed a boulder beetle
 11722 | D:10     | Killed a boulder beetle
 11966 | D:10     | Found Ublesu's Antique Armour Boutique.
 12066 | D:10     | Noticed Urug
 12264 | Lair:1   | Entered Level 1 of the Lair of Beasts
 12466 | Lair:1   | Noticed Harold
 12469 | Lair:1   | Gained mutation: A meltable icy envelope protects you from
                  | harm. (AC +4) [demonic ancestry]
 12469 | Lair:1   | Reached XP level 12. HP: 80/99 MP: 15/18
 12550 | D:8      | Received a gift from Okawaru
 12565 | D:8      | Reached skill level 12 in Maces & Flails
 13251 | D:7      | Killed Pimp's ghost
 13298 | D:8      | Killed Harold
 13515 | Lair:1   | Noticed a catoblepas
 13533 | Lair:1   | Killed a catoblepas
 13533 | Lair:1   | Reached ****** piety under Okawaru
 13533 | Lair:1   | Received a gift from Okawaru
 15201 | Lair:3   | Reached skill level 13 in Maces & Flails
 15362 | Lair:3   | Received a gift from Okawaru
 15373 | Lair:3   | Found a transporter.
 15375 | Lair:3   | Found a transporter.
 15376 | Lair:3   | Noticed a boulder beetle
 15376 | Lair:3   | Noticed a boulder beetle
 15390 | Lair:3   | You fall into a shaft and drop 2 floors!
 15390 | Lair:5   | Entered Level 5 of the Lair of Beasts
 15392 | Lair:5   | Noticed Nessos
 15598 | Lair:4   | Reached XP level 13. HP: 108/108 MP: 19/19
 15603 | Lair:4   | Reached skill level 10 in Shields
 16044 | Lair:3   | Found a staircase to the Snake Pit.
 16186 | Lair:3   | Identified the +8 flail of Dicayhuh {pain, rC+ Stlth+}
                  | (Okawaru gifted it to you on level 3 of the Lair of Beasts)
 16186 | Lair:3   | Received a gift from Okawaru
 16481 | Lair:3   | Identified the +3 leather armour of Eternity {Harm Will+
                  | Dex+3}
 16765 | Lair:3   | Reached skill level 1 in Necromancy
 16850 | Lair:3   | Found a staircase to the Swamp.
 17250 | Lair:4   | Found a staircase to the Slime Pits.
 17593 | Lair:5   | Succumbed to a cane toad's poison

Illustrated notes

Levels and vault maps discovered:
D:1:      dpeg_arrival_morbid_curiosity, layout_basic
D:2:      layout_basic, basic_altar
D:3:      layout_basic, serial_undead, serial_undead_c, serial_undead_f,
          serial_undead_f, serial_undead_a
D:4:      layout_basic, xom_confusion_cloud,
          mainiacjoe_overflow_large_starburst,
          mainiacjoe_overflow_concentric_impassable, mainiacjoe_overflow_paths,
          serial_co_window_serial, co_window_corner_a, co_window_paths_b,
          co_window_paths_a, co_window_corner_a, co_window_corner_a,
          co_window_of_opportunity_c, co_window_corner_ca, co_window_corner_ca,
          co_window_corner_ca, co_window_paths_c, glass_columns_b,
          glass_columns_c, glass_columns_a, chequers_serial_rivers_small_b,
          uniq_robin, uniq_ijyb, uniq_sigmund
D:5:      layout_rooms, minmay_temple_entry_sparse_star,
          chequers_serial_rivers_micro_a, chequers_serial_rivers_marsh,
          uniq_crazy_yiuf_cottage, uniq_blork_the_orc
D:6:      kennysheep_spiral_hall, layout_rooms, old_standard_altar,
          mainiacjoe_overflow_cross_hatched
D:7:      layout_rooms, ebering_ghost_reflecting_pool, enter_bailey_6,
          uniq_duvessa, uniq_prince_ribbit1
D:8:      layout_rooms, grunt_lair_entry_orc_guard_hut, serial_shops,
          nicolae_shop_hallway_stairs, uniq_psyche
D:9:      layout_roguey, trog_antimagical, fiery_altar_vehumet, serial_rivers,
          chequers_serial_rivers_micro_e, chequers_serial_rivers_room_a,
          chequers_serial_rivers_micro_d, chequers_serial_rivers_micro_a,
          nicolae_elevator_lobby_asterisk, uniq_erica
D:10:     minmay_bloctagon, layout_basic, dancing_weapons_uskayaw,
          grunt_qazlal_clouds, lemuel_tele_altar, serial_shops, shop_coins,
          uniq_urug, uniq_sonja
Lair:1:   layout_gridlike, infiniplex_staircase_pool, uniq_harold
Lair:2:   layout_regular_city, minmay_lair_oklob_items,
          infiniplex_staircase_pool_2
Lair:3:   gammafunk_boulding_lane, layout_chaotic_city,
          nicolae_swamp_entry_spooky, dummy_snake_entry, serial_rivers,
          chequers_serial_rivers_micro_b, chequers_serial_rivers_micro_e,
          chequers_serial_rivers_micro_d, chequers_serial_rivers_large_b,
          grunt_megastairs_3, serial_bayou_shore_b, lemuel_fruit_tree
Lair:4:   layout_gridlike, slime_entry_1
Lair:5:   hangedman_lair_in_review, layout_long_grid, dpeg_oklob_1, uniq_nessos

Skill      XL: |  1  2  3  4  5  6  7  8  9 10 11 12 13 |
---------------+----------------------------------------+-----
Axes           | 2 3 4 |  4.7
Shields        | 3 4 5 6 7 8 9 10 | 10.7
Fighting       | 4 5 6 8 9 10 12 | 12.6
Maces & Flails | 4 7 9 11 13 | 13.6
Spellcasting   | 3 4 |  4.4
Necromancy     | 2 |  2.1
Armour         | |  2.6

Action                     |  1- 3 |  4- 6 |  7- 9 | 10-12 | 13-15 || total
---------------------------+-------+-------+-------+-------+-------++-------
  Melee: War axe           |   118 |   152 |   148 |       |       ||   418
         Mace              |       |       |   191 |   721 |    91 ||  1003
         Flail             |       |       |       |       |    81 ||    81
    Use: Scroll            |     2 |       |     8 |    16 |       ||    26
         Potion            |       |       |       |     2 |       ||     2
 Armour: Scale mail        |    55 |    16 |       |       |       ||    71
         Plate armour      |       |    52 |   168 |    76 |       ||   296
         Ring mail         |       |       |       |   179 |    58 ||   237
  Dodge: Dodged            |    66 |   105 |   218 |   510 |    72 ||   971
  Block: Buckler           |    52 |    82 |   207 |   112 |       ||   453
         Tower shield      |       |       |       |   517 |   182 ||   699

Table legend: (Time is in decaauts)
 A = Elapsed time spent in this place.
 B = Non-inter-level travel time spent in this place.
 C = Inter-level travel time spent in this place.
 D = Time resting spent in this place.
 E = Time spent auto-exploring this place.
 F = Levels seen in this place.
 G = Mean time per level.
                   A        B        C        D        E       F      G
               +--------+--------+--------+--------+--------+-----+--------+
         Total |  17918 |  17357 |    561 |   4774 |   7807 |  17 | 1054.0 |
       Dungeon |  10961 |  10549 |    412 |   2530 |   5309 |  10 | 1096.1 |
          Lair |   4519 |   4370 |    149 |    927 |   2333 |   5 |  903.8 |
         Abyss |     10 |     10 |      0 |      0 |      0 |   1 |   10.0 |
        Bailey |   2427 |   2427 |      0 |   1316 |    165 |   1 | 2427.0 |
               +--------+--------+--------+--------+--------+-----+--------+

Top non-repeatable levels by time:
  Bailey: 2427 daAuts
     D:4: 1797 daAuts
     D:8: 1555 daAuts
  Lair:3: 1549 daAuts
    D:10: 1452 daAuts
     D:9: 1205 daAuts
     D:7: 1186 daAuts
  Lair:1: 1125 daAuts
  Lair:4: 911 daAuts
  Lair:2: 906 daAuts
     D:6: 886 daAuts
     D:5: 849 daAuts
     D:1: 784 daAuts
     D:3: 658 daAuts
     D:2: 585 daAuts
